PAA
LANNISTER UNITED LIONHEARTS @ TACOMA FUR TRADERS
07/10/2026
 
TOP OF THE 1ST
Lannister United Lionhearts batting - Pitching for Tacoma Fur Traders : LHP César González
Pitching: LHP César González
Batting: RHB Martín Alejadre 0-0: Ball
1-0: Called Strike
1-1: Ball
2-1: Fly out, F8 (Flyball, 8RXD)
Batting: RHB IV Seacat 0-0: Foul Ball, location: 2F
0-1: Swinging Strike
0-2: Fly out, F5 (Popup, 5S)
Batting: RHB Steve Hinkle 0-0: Called Strike
0-1: Ground out 6-3 (Groundball, 6)
Top of the 1st over - 0 run(s), 0 hit(s), 0 error(s), 0 left on base; Lannister United 0 - Tacoma 0
BOTTOM OF THE 1ST
Tacoma Fur Traders batting - Pitching for Lannister United Lionhearts : LHP Carlos Díaz
Pitching: LHP Carlos Díaz
Batting: RHB Andy Moore 0-0: Called Strike
0-1: Foul Ball, location: 2F
0-2: Ball
1-2: Ball
2-2: Ball
3-2: Foul Ball, location: 2F
3-2: DOUBLE (Line Drive, 7LM)
Batting: RHB Luis Flores 0-0: SINGLE (Groundball, 34D)
Andy Moore to third
Runner from 3rd tries for Home, SAFE, no throw
Batting: RHB Iván Rodríguez 0-0: Called Strike
0-1: Foul Ball, location: 2F
0-2: Foul Ball, location: 2F
0-2: Fly out, F9 (Flyball, 9S)
Batting: RHB Xavier Pérez 0-0: Ball
1-0: Fly out, F3 (Popup, 3L)
Batting: LHB Felipe Trujillo 0-0: Called Strike
0-1: Called Strike
0-2: Ball
1-2: DOUBLE (Line Drive, 9LM)
Luis Flores to third
Batting: LHB Michael Whorton 0-0: Ball
1-0: Foul Ball, location: 2F
1-1: Foul Ball, location: 2F
1-2: Foul Ball, location: 2F
1-2: Ball
2-2: Foul Ball, location: 2F
2-2: Ball
3-2: Ground out 4-3 (Groundball, 4)
Bottom of the 1st over - 1 run(s), 3 hit(s), 0 error(s), 2 left on base; Lannister United 0 - Tacoma 1
TOP OF THE 2ND
Lannister United Lionhearts batting - Pitching for Tacoma Fur Traders : LHP César González
Batting: RHB Anselmo Berneu 0-0: SINGLE (Groundball, 6MD)
Batting: RHB Louis Gibbons 0-0: Foul Ball, location: 2F
0-1: Ball
1-1: Foul Ball, location: 2F
1-2: Foul Ball, location: 2F
1-2: Grounds into double play, 4-6-3 (Groundball, 4M)
Batting: LHB Jeff Lawson 0-0: Ball
1-0: Swinging Strike
1-1: Foul Ball, location: 2F
1-2: Ball
2-2: Ball
3-2: Base on Balls
Batting: RHB Ron Morton 0-0: Ball
1-0: Ball
2-0: Foul Ball, location: 2F
2-1: Called Strike
2-2: SINGLE (Line Drive, 56)
Jeff Lawson to second
Batting: SHB Daniel Godart 0-0: Ball
1-0: Called Strike
1-1: Ball
2-1: Ball
3-1: Base on Balls
Jeff Lawson to third
Ron Morton to second
Batting: RHB Curt Johnston 0-0: Called Strike
0-1: Ball
1-1: Called Strike
1-2: Strikes out swinging
Top of the 2nd over - 0 run(s), 2 hit(s), 0 error(s), 3 left on base; Lannister United 0 - Tacoma 1
BOTTOM OF THE 2ND
Tacoma Fur Traders batting - Pitching for Lannister United Lionhearts : LHP Carlos Díaz
Batting: RHB Tim Lehman 0-0: Swinging Strike
0-1: Hit by Pitch
Batting: RHB Britt Lynch 0-0: Ball
1-0: Foul Ball, location: 2F
1-1: Ball
2-1: Ball
3-1: Fly out, F5 (Popup, 56)
Batting: RHB Carlos Correa 0-0: Ball
1-0: Called Strike
1-1: Called Strike
1-2: Fly out, F9 (Flyball, 9LM)
Batting: RHB Andy Moore 0-0: Fly out, F9 (Flyball, 89S)
Bottom of the 2nd over - 0 run(s), 0 hit(s), 0 error(s), 1 left on base; Lannister United 0 - Tacoma 1
TOP OF THE 3RD
Lannister United Lionhearts batting - Pitching for Tacoma Fur Traders : LHP César González
Batting: RHB Martín Alejadre 0-0: Ball
1-0: Called Strike
1-1: Called Strike
1-2: Ball
2-2: Foul Ball, location: 2F
2-2: Foul Ball, location: 2F
2-2: Foul Ball, location: 2F
2-2: Ball
3-2: Fly out, F7 (Line Drive, 7)
Batting: RHB IV Seacat 0-0: Called Strike
0-1: Ball
1-1: Ball
2-1: Ball
3-1: Base on Balls
Batting: RHB Steve Hinkle 0-0: Called Strike
0-1: Ball
1-1: DOUBLE (Groundball, 5L)
IV Seacat to third
IV Seacat scores
Batting: RHB Anselmo Berneu 0-0: Ball
1-0: Ball
2-0: Foul Ball, location: 2F
2-1: Foul Ball, location: 2F
2-2: SINGLE (Groundball, 56D)
Steve Hinkle to third
Runner from 3rd tries for Home, SAFE, throw made home
Batting: RHB Louis Gibbons 0-0: Ball
1-0: Foul Ball, location: 2F
1-1: Foul Ball, location: 2F
1-2: Strikes out swinging
Batting: LHB Jeff Lawson 0-0: Foul Ball, location: 2F
0-1: Foul Ball, location: 2F
0-2: Ball
1-2: Strikes out swinging
Top of the 3rd over - 2 run(s), 2 hit(s), 0 error(s), 1 left on base; Lannister United 2 - Tacoma 1
BOTTOM OF THE 3RD
Tacoma Fur Traders batting - Pitching for Lannister United Lionhearts : LHP Carlos Díaz
Batting: RHB Luis Flores 0-0: Fly out, F9 (Flyball, 9LM)
Batting: RHB Iván Rodríguez 0-0: Ball
1-0: Ball
2-0: Ball
3-0: Called Strike
3-1: Foul Ball, location: 2F
3-2: Fly out, F9 (Flyball, 9)
Batting: RHB Xavier Pérez 0-0: Ball
1-0: Foul Ball, location: 2F
1-1: Swinging Strike
1-2: Foul Ball, location: 2F
1-2: Ground out 6-3 (Groundball, 6)
Bottom of the 3rd over - 0 run(s), 0 hit(s), 0 error(s), 0 left on base; Lannister United 2 - Tacoma 1
TOP OF THE 4TH
Lannister United Lionhearts batting - Pitching for Tacoma Fur Traders : LHP César González
Batting: RHB Ron Morton 0-0: Called Strike
0-1: Ball
1-1: SINGLE (Groundball, 4D)
Batting: SHB Daniel Godart 0-0: Foul Ball, location: 2F
0-1: Ball
1-1: Called Strike
1-2: Foul Ball, location: 2F
1-2: Ball
2-2: Ball
3-2: Fly out, F8 (Flyball, 8RD)
Batting: RHB Curt Johnston 0-0: Ball
1-0: Swinging Strike
1-1: Ball
2-1: Called Strike
2-2: SINGLE (Groundball, 34S) (infield hit)
Ron Morton to second
Batting: RHB Martín Alejadre 0-0: Ball
1-0: Ball
2-0: Ball
3-0: Called Strike
3-1: Base on Balls
Ron Morton to third
Curt Johnston to second
Batting: RHB IV Seacat 0-0: Called Strike
0-1: Ball
1-1: Called Strike
1-2: SINGLE (Groundball, 56D)
Ron Morton scores
Curt Johnston to third
Martín Alejadre to second
Runner from 3rd tries for Home, SAFE, throw made home
Martín Alejadre to third
IV Seacat to second
Batting: RHB Steve Hinkle 0-0: Ball
Wild Pitch!
Martín Alejadre scores
IV Seacat to third
1-0: Called Strike
1-1: Ball
2-1: Foul Ball, location: 2F
2-2: Strikes out swinging
Batting: RHB Anselmo Berneu 0-0: Called Strike
0-1: Called Strike
0-2: Fly out, F7 (Flyball, 7LMF)
Top of the 4th over - 3 run(s), 3 hit(s), 0 error(s), 1 left on base; Lannister United 5 - Tacoma 1
BOTTOM OF THE 4TH
Tacoma Fur Traders batting - Pitching for Lannister United Lionhearts : LHP Carlos Díaz
Batting: LHB Felipe Trujillo 0-0: Ball
1-0: Foul Ball, location: 2F
1-1: Called Strike
1-2: Ball
2-2: SINGLE (Line Drive, 89S)
Batting: LHB Michael Whorton 0-0: Foul Ball, location: 2F
0-1: Foul Ball, location: 2F
0-2: Grounds into double play, 4-6-3 (Groundball, 4)
Batting: RHB Tim Lehman 0-0: SINGLE (Groundball, 4MD)
Batting: RHB Britt Lynch 0-0: Called Strike
0-1: Ball
1-1: Foul Ball, location: 2F
1-2: Foul Ball, location: 2F
1-2: Ball
2-2: Foul Ball, location: 2F
2-2: Ball
3-2: Base on Balls
Tim Lehman to second
Batting: RHB Carlos Correa 0-0: Called Strike
0-1: Ball
1-1: Ball
2-1: Ball
3-1: Swinging Strike
3-2: Strikes out looking
Bottom of the 4th over - 0 run(s), 2 hit(s), 0 error(s), 2 left on base; Lannister United 5 - Tacoma 1
TOP OF THE 5TH
Lannister United Lionhearts batting - Pitching for Tacoma Fur Traders : LHP César González
Batting: RHB Louis Gibbons 0-0: Called Strike
0-1: Fly out, F8 (Flyball, 8RD)
Batting: LHB Jeff Lawson 0-0: Ball
1-0: Ball
2-0: Foul Ball, location: 2F
2-1: Ground out 4-3 (Groundball, 4)
Batting: RHB Ron Morton 0-0: Ball
1-0: DOUBLE (Groundball, 5L)
Batting: SHB Daniel Godart 0-0: Called Strike
0-1: Foul Ball, location: 2F
0-2: Ball
1-2: Strikes out looking
Top of the 5th over - 0 run(s), 1 hit(s), 0 error(s), 1 left on base; Lannister United 5 - Tacoma 1
BOTTOM OF THE 5TH
Tacoma Fur Traders batting - Pitching for Lannister United Lionhearts : LHP Carlos Díaz
Batting: RHB Andy Moore 0-0: Ball
1-0: Foul Ball, location: 2F
1-1: Foul Ball, location: 2F
1-2: Ball
2-2: Hit by Pitch
Batting: RHB Luis Flores 0-0: Swinging Strike
0-1: Called Strike
0-2: Ball
1-2: Strikes out swinging
Batting: RHB Iván Rodríguez 0-0: Ball
1-0: Swinging Strike
1-1: Grounds into double play, 6-4-3 (Groundball, 56)
Bottom of the 5th over - 0 run(s), 0 hit(s), 0 error(s), 0 left on base; Lannister United 5 - Tacoma 1
TOP OF THE 6TH
Lannister United Lionhearts batting - Pitching for Tacoma Fur Traders : LHP César González
Batting: RHB Curt Johnston 0-0: Ball
1-0: Called Strike
1-1: Ball
2-1: SINGLE (Groundball, 56D)
Pitching: RHP Howard Ritchie
Batting: RHB Martín Alejadre 0-0: Sac Bunt - play at first, batter OUT! 1-3
Curt Johnston to second
Batting: RHB IV Seacat 0-0: Fly out, F9 (Line Drive, 9)
Batting: RHB Steve Hinkle 0-0: Called Strike
0-1: SINGLE (Line Drive, 7LS)
Curt Johnston to third
Batting: RHB Anselmo Berneu 0-0: Ball
1-0: Called Strike
1-1: Ball
2-1: Fly out, F7 (Flyball, 78D)
Top of the 6th over - 0 run(s), 2 hit(s), 0 error(s), 2 left on base; Lannister United 5 - Tacoma 1
BOTTOM OF THE 6TH
Tacoma Fur Traders batting - Pitching for Lannister United Lionhearts : LHP Carlos Díaz
Batting: RHB Xavier Pérez 0-0: Called Strike
0-1: Fly out, F8 (Flyball, 78D)
Batting: LHB Felipe Trujillo 0-0: Ground out 4-3 (Groundball, 4)
Batting: LHB Michael Whorton 0-0: Foul Ball, location: 2F
0-1: Ball
1-1: Foul Ball, location: 2F
1-2: Ground out 4-3 (Groundball, 34)
Bottom of the 6th over - 0 run(s), 0 hit(s), 0 error(s), 0 left on base; Lannister United 5 - Tacoma 1
TOP OF THE 7TH
Lannister United Lionhearts batting - Pitching for Tacoma Fur Traders : RHP Howard Ritchie
Batting: RHB Louis Gibbons 0-0: Ball
1-0: Fly out, F9 (Flyball, 9S)
Batting: LHB Jeff Lawson 0-0: Called Strike
0-1: Ball
1-1: Swinging Strike
1-2: Fly out, F8 (Flyball, 8LD)
Batting: RHB Ron Morton 0-0: Ball
1-0: SINGLE (Groundball, 34D)
Batting: SHB Daniel Godart 0-0: Called Strike
0-1: Swinging Strike
0-2: Strikes out looking
Top of the 7th over - 0 run(s), 1 hit(s), 0 error(s), 1 left on base; Lannister United 5 - Tacoma 1
BOTTOM OF THE 7TH
Tacoma Fur Traders batting - Pitching for Lannister United Lionhearts : LHP Carlos Díaz
Batting: RHB Tim Lehman 0-0: Ground out 5-3 (Groundball, 5S)
Batting: RHB Britt Lynch 0-0: Swinging Strike
0-1: Ball
1-1: Ball
2-1: Ball
3-1: Foul Ball, location: 2F
3-2: Ground out 6-3 (Groundball, 6)
Batting: RHB Carlos Correa 0-0: Called Strike
0-1: Swinging Strike
0-2: Ball
1-2: Foul Ball, location: 2F
1-2: Ground out 1-3 (Groundball, P)
Bottom of the 7th over - 0 run(s), 0 hit(s), 0 error(s), 0 left on base; Lannister United 5 - Tacoma 1
TOP OF THE 8TH
Lannister United Lionhearts batting - Pitching for Tacoma Fur Traders : RHP Howard Ritchie
Batting: RHB Curt Johnston 0-0: Called Strike
0-1: Called Strike
0-2: Foul Ball, location: 2F
0-2: Foul Ball, location: 2F
0-2: Ball
1-2: Fly out, F9 (Flyball, 9LS)
Batting: RHB Martín Alejadre 0-0: Foul Ball, location: 2F
0-1: Ball
1-1: Ball
2-1: Single, Error in OF, E9, batter to second base
Batting: RHB IV Seacat 0-0: Single, Error in OF, E7, batter to second base
Martín Alejadre scores
Batting: RHB Steve Hinkle 0-0: Called Strike
0-1: Ball
1-1: Ball
IV Seacat steals 3rd base
2-1: Ball
3-1: 2-RUN HOME RUN (Flyball, 78XD), Distance : 443 ft
Batting: RHB Anselmo Berneu 0-0: Ball
1-0: Called Strike
1-1: Foul Ball, location: 2F
1-2: Ball
2-2: Strikes out swinging
Batting: RHB Louis Gibbons 0-0: Foul Ball, location: 2F
0-1: Ball
1-1: Foul Ball, location: 2F
1-2: Ball
2-2: Fly out, F8 (Flyball, 8RM)
Top of the 8th over - 3 run(s), 3 hit(s), 2 error(s), 0 left on base; Lannister United 8 - Tacoma 1
BOTTOM OF THE 8TH
Tacoma Fur Traders batting - Pitching for Lannister United Lionhearts : LHP Carlos Díaz
Batting: RHB Andy Moore 0-0: Foul Ball, location: 2F
0-1: Swinging Strike
0-2: Foul Ball, location: 2F
0-2: Ball
1-2: Ball
2-2: DOUBLE (Line Drive, 8LD)
Pitching: RHP Ryan Ingram
Batting: RHB Luis Flores 0-0: Ball
1-0: Ball
2-0: Called Strike
2-1: Called Strike
2-2: Ball
3-2: Strikes out swinging
Batting: RHB Iván Rodríguez 0-0: Foul Ball, location: 2F
0-1: Called Strike
0-2: Strikes out swinging
Batting: RHB Xavier Pérez 0-0: Ball
1-0: Ground out 4-3 (Groundball, 4)
Bottom of the 8th over - 0 run(s), 1 hit(s), 0 error(s), 1 left on base; Lannister United 8 - Tacoma 1
TOP OF THE 9TH
Lannister United Lionhearts batting - Pitching for Tacoma Fur Traders : RHP Howard Ritchie
Batting: LHB Jeff Lawson 0-0: Ball
1-0: Ground out 4-3 (Groundball, 4)
Batting: RHB Ron Morton 0-0: Ball
1-0: Ball
2-0: Ground out 6-3 (Groundball, 56)
Batting: SHB Daniel Godart 0-0: Foul Ball, location: 2F
0-1: Ball
1-1: Foul Ball, location: 2F
1-2: Ball
2-2: Ball
3-2: SINGLE (Groundball, 34D)
Batting: RHB Curt Johnston 0-0: Swinging Strike
0-1: Called Strike
0-2: Ball
Daniel Godart steals 2nd base
1-2: Ball
2-2: Ground out 6-3 (Groundball, 6)
Top of the 9th over - 0 run(s), 1 hit(s), 0 error(s), 1 left on base; Lannister United 8 - Tacoma 1
BOTTOM OF THE 9TH
Tacoma Fur Traders batting - Pitching for Lannister United Lionhearts : RHP Ryan Ingram
Batting: LHB Felipe Trujillo 0-0: Fly out, F6 (Popup, 6D)
Batting: LHB Michael Whorton 0-0: Ball
1-0: Foul Ball, location: 2F
1-1: Ball
2-1: SINGLE (Groundball, 4MD)
Batting: RHB Tim Lehman 0-0: Called Strike
0-1: Foul Ball, location: 2F
0-2: Ball
1-2: Ball
2-2: Ball
3-2: Base on Balls
Michael Whorton to second
Batting: RHB Britt Lynch 0-0: SINGLE (Flyball, 9LS)
Michael Whorton to third
Tim Lehman to second
Runner from 3rd tries for Home, SAFE, no throw
Batting: RHB Carlos Correa 0-0: Ball
1-0: Grounds into double play, 6-4-3 (Groundball, 6)
Bottom of the 9th over - 1 run(s), 2 hit(s), 0 error(s), 1 left on base; Lannister United 8 - Tacoma 2
Monday, March 20th, 2017 - OOTP Baseball 17.12 Build 75